 Dungeon Sprint DCSS version 0.23-a0-635-g88ca12a (webtiles) character file.

22269 Lanoc the Minotaur Blade (level 12, -17/187 HPs)
             Began as a Minotaur Berserker on Dec 27, 2018.
             Was the Champion of Trog.
             Demolished by an orc knight
             ... wielding a +0 great sword
              (22 damage)
             ... in the Dungeon (Sprint VII: "The Pits").
             The game lasted 00:12:56 (2727 turns).

Lanoc the Minotaur Blade (Minotaur Berserker)       Turns: 2727, Time: 00:12:58

Health: -17/187    AC: 14    Str: 37    XL:     12   Next: 61%
Magic:  11/11      EV: 25    Int:  4    God:    Trog [******]
Gold:   79         SH:  0    Dex: 20    Spells: 11/11 levels left

rFire    . . .     SeeInvis .   m - +9 great sword "Romuirgho" {flame, *Contam +Rage Str+2 Dex+7}
rCold    . . .     Gourm    .   (shield currently unavailable)
rNeg     . . .     Faith    .   r - +5 ring mail
rPois    .         Spirit   .   w - +1 hat {MR+}
rElec    .         Reflect  .   (no cloak)
rCorr    .         Harm     .   (no gloves)
MR       +....     NoTele   +   (no boots)
Stlth    ..........             (no amulet)
HPRegen  0.41/turn              o - +3 ring of strength
MPRegen  0.12/turn              p - +3 ring of dexterity

@: berserking (expiring), lethally poisoned (-17 -> -20), very quick
A: retaliatory headbutt, horns 2
a: Berserk, Trog's Hand, Brothers in Arms, Renounce Religion, Evoke Berserk Rage


You were in the Dungeon.
You worshipped Trog.
Trog was exalted by your worship.
You were near starving.

You visited 1 branch You collected 79 gold pieces.

Inventory:

Hand Weapons
 d - a +8 triple sword of freezing
 j - a +4 triple sword of slicing
 m - the +9 great sword "Romuirgho" (weapon) {flame, *Contam +Rage Str+2 Dex+7}
   (Trog gifted it to you in the Dungeon)

   It has been specially enchanted to burn those struck by it, causing extra
   injury to most foes and up to half again as much damage against particularly
   susceptible opponents.
   Big, fiery blades are also staple armaments of hydra-hunters.
   It affects your strength (+2).
   It affects your dexterity (+7).
   It lets you go berserk.
   It causes magical contamination when unequipped.
 u - a +3 double sword of flaming
 x - a +2 antimagic great sword
Missiles
 v - 3 throwing nets (quivered)
Armour
 r - a +5 ring mail (worn)
 w - a +1 hat of magic resistance (worn)
Jewellery
 o - a +3 ring of strength (left hand)
 p - a +3 ring of dexterity (right hand)
Scrolls
 b - a scroll of fog
 i - 2 scrolls of blinking
 k - 4 scrolls of remove curse
 l - a scroll of summoning
 y - 2 scrolls of fear
 z - a scroll of identify
 A - 4 scrolls of enchant armour
Potions
 a - 2 potions of invisibility
 e - 11 potions of heal wounds
 f - 3 potions of haste
 g - 4 potions of magic
 h - 4 potions of berserk rage
 n - 6 potions of curing
 q - 2 potions of might
 s - a potion of brilliance
 t - 2 potions of mutation
Comestibles
 c - 10 rations


   Skills:
 + Level 17.2 Fighting
 * Level 22.7 Long Blades
 + Level 17.1 Armour
 + Level 15.9 Dodging


You had 11 spell levels left.
You didn't know any spells.
Your spell library was empty.

Dungeon Overview and Level Annotations

Branches:
Dungeon (1/1)

Altars:
Ashenzari
Cheibriados
Dithmenos
Elyvilon
Fedhas
Gozag
Hepliaklqana
Kikubaaqudgha
Makhleb
Nemelex Xobeh
Okawaru
Qazlal
Ru
Sif Muna
Trog
Uskayaw
Vehumet
Wu Jian
Xom
Yredelemnul
Zin
The Shining One
Beogh
Jiyva
Lugonu


Innate Abilities, Weirdness & Mutations

You reflexively headbutt those who attack you in melee.
You have a pair of horns on your head.


Message History

You headbutt the orc knight! You slice the orc knight!!
You burn the orc knight.
You kill the orc knight!
Trog accepts your kill. Something appears at your feet!
Trog grants you a weapon!
You feel sick. The orc knight closely misses you.
You slash the orc knight! You burn the orc knight.
You headbutt the orc knight!!
The orc knight is heavily wounded.
The orc knight completely misses you. You furiously retaliate!
You headbutt the orc knight. You carve the orc knight like a ham!!!
You burn the orc knight!
You kill the orc knight!
Trog accepts your kill.
You feel sick. The orc knight misses you.
You riposte.
You closely miss the orc knight. You headbutt the orc knight!!
The orc knight is moderately wounded.
The orc knight hits you with a +0 great sword!!
You die...

..# ..+ ..+ ''#
''###########################
...................)÷........
....÷........................
..##############oo###########
..# #..o@o...# ..# #..)oo...#
..# ####..#### ..# .... ..#
..... ..# ....... ..#
##..#### ..# #### ..#


You could see an orc warlord and 5 orc knights.

Vanquished Creatures
  Arachne (D)
  Gastronok (D)
  An orc warlord (D)
  A vampire knight (D)
  Erolcha (D)
  A hydra (D)
  Harold (D)
  A two-headed ogre (D)
  A spriggan druid (D)
  A deep troll (D)
  A wizard (D)
  2 sea snakes (D)
  2 flayed ghosts (D)
  A phantasmal warrior (D)
  4 orc knights (D)
  A deep elf mage (D)
  A manticore (D)
  A lindwurm (D)
  An elephant (D)
  Joseph (D)
  A smoke demon (D)
  A spiny frog (D)
  A freezing wraith (D)
  A yaktaur (D)
  An ice devil (D)
  A troll (D)
  A merfolk (D)
  A tyrant leech (D)
  5 blink frogs (D)
  A water elemental (D)
  2 flying skulls (D)
  A vampire (D)
  A fire elemental (D)
  A redback (D)
  A shadow (D)
  A basilisk (D)
  A large abomination (D)
  A hungry ghost (D)
  A warg (D)
  An acid dragon (D)
  2 eyes of draining (D)
  A swamp drake (D)
  An ice beast (D)
  A centaur (D)
  A scorpion (D)
  4 killer bees (D)
  4 wights (D)
  2 crimson imps (D)
  2 quasits (D)
  A hound (D)
  2 orc priests (D)
  A gnoll shaman (D)
  Jessica (D)
  A worker ant (D)
  6 gnolls (D)
  An adder zombie (D)
  A worm (D)
  A leopard gecko (D)
  4 orcs (D)
  A bat (D)
  2 giant cockroaches (D)
  A goblin (D)
  2 ball pythons (D)
  A bat simulacrum (D)
  A frilled lizard (D)
  A quokka skeleton (D)
  A rat (D)
97 creatures vanquished.

Notes
Turn   | Place    | Note
-------+----------+-------------------------------------------
     0 | D        | Lanoc the Minotaur Berserker began the quest for the Orb.
     0 | D        | Reached XP level 1. HP: 19/19 MP: 0/0
    13 | D        | Reached skill level 4 in Long Blades
    13 | D        | Reached XP level 2. HP: 22/27 MP: 1/1
    45 | D        | Found a bloodstained altar of Trog.
    45 | D        | Found a deep blue altar of Sif Muna.
    45 | D        | Found a viscous altar of Jiyva.
    45 | D        | Found a hazy altar of Hepliaklqana.
    45 | D        | Found an opulent altar of Gozag.
    46 | D        | Found a glowing golden altar of the Shining One.
    46 | D        | Found a glowing silver altar of Zin.
    46 | D        | Found a basalt altar of Yredelemnul.
    46 | D        | Found a shimmering altar of Xom.
    46 | D        | Found an ornate altar of the Wu Jian Council.
    46 | D        | Found a sacrificial altar of Ru.
    46 | D        | Found a stormy altar of Qazlal.
    46 | D        | Found an iron altar of Okawaru.
    46 | D        | Found a sparkling altar of Nemelex Xobeh.
    46 | D        | Found a burning altar of Makhleb.
    46 | D        | Found a blossoming altar of Fedhas.
    46 | D        | Found a white marble altar of Elyvilon.
    46 | D        | Found a shadowy altar of Dithmenos.
    46 | D        | Found a snail-covered altar of Cheibriados.
    47 | D        | Found a radiant altar of Vehumet.
    47 | D        | Found a corrupted altar of Lugonu.
    47 | D        | Found a roughly hewn altar of Beogh.
    48 | D        | Found a hide-covered altar of Uskayaw.
    48 | D        | Found an ancient bone altar of Kikubaaqudgha.
    48 | D        | Found a shattered altar of Ashenzari.
    62 | D        | Reached ** piety under Trog
    62 | D        | Reached skill level 5 in Long Blades
   104 | D        | Noticed Jessica
   115 | D        | Reached skill level 5 in Fighting
   115 | D        | Reached skill level 6 in Long Blades
   115 | D        | Reached XP level 3. HP: 32/36 MP: 2/2
   116 | D        | Reached *** piety under Trog
   119 | D        | Killed Jessica
   119 | D        | Reached skill level 7 in Long Blades
   119 | D        | Reached XP level 4. HP: 36/42 MP: 3/3
   186 | D        | Noticed a deep elf mage
   187 | D        | Noticed a flying skull
   189 | D        | Noticed a fire elemental
   197 | D        | Killed a deep elf mage
   197 | D        | Reached **** piety under Trog
   197 | D        | Reached skill level 11 in Long Blades
   197 | D        | Reached XP level 5. HP: 5/56 MP: 4/4
   197 | D        | Reached XP level 6. HP: 6/62 MP: 5/5
   200 | D        | Killed a flying skull
   200 | D        | Reached skill level 12 in Long Blades
   200 | D        | Reached XP level 7. HP: 7/70 MP: 6/6
   202 | D        | Reached ***** piety under Trog
   503 | D        | Noticed a yaktaur
   507 | D        | Killed a yaktaur
   507 | D        | Received a gift from Trog
   507 | D        | Reached skill level 10 in Fighting
   507 | D        | Reached skill level 13 in Long Blades
   516 | D        | Noticed a hungry ghost
   521 | D        | Reached XP level 8. HP: 79/79 MP: 7/7
   526 | D        | Reached skill level 10 in Armour
   570 | D        | Reached skill level 14 in Long Blades
   576 | D        | Reached ****** piety under Trog
   870 | D        | Noticed an orc knight
   870 | D        | Noticed a troll
   873 | D        | Killed a troll
   873 | D        | Received a gift from Trog
   876 | D        | Reached skill level 10 in Dodging
   880 | D        | Killed an orc knight
   880 | D        | Reached skill level 15 in Long Blades
   880 | D        | Reached XP level 9. HP: 82/90 MP: 0/8
  1008 | D        | Noticed a flayed ghost
  1009 | D        | Noticed a five-headed hydra
  1010 | D        | Noticed a two-headed ogre
  1011 | D        | Noticed Gastronok
  1016 | D        | Killed a flayed ghost
  1016 | D        | Reached skill level 16 in Long Blades
  1018 | D        | Killed a four-headed hydra
  1018 | D        | Received a gift from Trog
  1026 | D        | Killed a two-headed ogre
  1026 | D        | Reached skill level 17 in Long Blades
  1026 | D        | Reached XP level 10. HP: 88/101 MP: 9/9
  1033 | D        | Killed Gastronok
  1033 | D        | Reached skill level 18 in Long Blades
  1037 | D        | Received a gift from Trog
  1277 | D        | Noticed Erolcha
  1278 | D        | Noticed a flayed ghost
  1284 | D        | Killed Erolcha
  1292 | D        | Killed a flayed ghost
  1292 | D        | Reached skill level 19 in Long Blades
  1292 | D        | Reached XP level 11. HP: 111/111 MP: 10/10
  1314 | D        | Received a gift from Trog
  1523 | D        | Noticed a phantasmal warrior
  1527 | D        | Killed a phantasmal warrior
  1527 | D        | Received a gift from Trog
  1624 | D        | Noticed Harold
  1624 | D        | Noticed a spriggan druid
  1625 | D        | Noticed Joseph
  1627 | D        | Killed a spriggan druid
  1627 | D        | Received a gift from Trog
  1631 | D        | Killed Harold
  1631 | D        | Reached skill level 15 in Fighting
  1631 | D        | Reached skill level 20 in Long Blades
  1632 | D        | Reached skill level 15 in Armour
  1637 | D        | Killed Joseph
  1676 | D        | Noticed a wizard
  1676 | D        | Noticed a sea snake
  1676 | D        | Noticed a deep troll
  1681 | D        | Killed a sea snake
  1683 | D        | Received a gift from Trog
  1686 | D        | Killed a deep troll
  1695 | D        | Killed a wizard
  1695 | D        | Received a gift from Trog
  1700 | D        | Reached skill level 21 in Long Blades
  1704 | D        | Got a bone great sword {god gift}
  1705 | D        | Identified the +9 great sword "Romuirgho" {flame, *Contam
                  | +Rage Str+2 Dex+7} (Trog gifted it to you in the Dungeon)
  2034 | D        | Noticed a lindwurm
  2035 | D        | Noticed a vampire knight
  2040 | D        | Killed a lindwurm
  2067 | D        | Killed a vampire knight
  2067 | D        | Received a gift from Trog
  2067 | D        | Reached XP level 12. HP: 59/122 MP: 11/11
  2287 | D        | Reached skill level 15 in Dodging
  2311 | D        | Received a gift from Trog
  2709 | D        | Noticed an orc warlord
  2709 | D        | Noticed an orc warlord
  2709 | D        | Noticed Arachne
  2719 | D        | Killed Arachne
  2719 | D        | Reached skill level 22 in Long Blades
  2724 | D        | Killed an orc warlord
  2724 | D        | HP: 6/187 [orc knight/+0 long sword (21)]
  2725 | D        | Received a gift from Trog
  2727 | D        | Demolished by an orc knight

Vault maps used:
D:        pitsprint

Skill      XL: |  1  2  3  4  5  6  7  8  9 10 11 12 |
---------------+-------------------------------------+-----
Fighting       | 4 5 8 9 10 11 13 14 16 17 | 17.2
Long Blades    | 4 6 7 11 12 13 15 17 19 21 22 | 22.7
Armour         | 3 4 8 9 11 12 14 16 17 | 17.1
Dodging        | 3 4 7 8 10 11 13 14 15 | 15.9

Action                   |  1- 3 |  4- 6 |  7- 9 | 10-12 || total
-------------------------+-------+-------+-------+-------++-------
Melee: Falchion          |    20 |       |       |       ||    20
       Headbutt          |     5 |     1 |    13 |    38 ||    57
       Long sword        |       |    10 |     9 |       ||    19
       Triple sword      |       |       |    33 |    47 ||    80
       Double sword      |       |       |    15 |    28 ||    43
       Great sword       |       |       |       |    46 ||    46
Invok: Berserk           |     1 |     1 |     3 |     6 ||    11
  Use: Potion            |     1 |       |       |     8 ||     9
 Stab: Sleeping          |     1 |       |       |       ||     1
  Eat: Ration            |       |       |     1 |       ||     1
       Chunk             |       |       |     1 |    10 ||    11
Armor: Animal skin       |     2 |       |       |       ||     2
       Ring mail         |       |     2 |    19 |    28 ||    49
Dodge: Dodged            |    14 |     8 |    47 |   101 ||   170
       Rpst.: Falchion   |     5 |       |       |       ||     5
       Long sword        |       |     2 |     1 |       ||     3
       Triple sword      |       |       |    10 |     9 ||    19
       Double sword      |       |       |     2 |     1 ||     3
       Great sword       |       |       |       |     5 ||     5

Table legend:
 A = Non-vault XP
 B = Vault XP
 C = Vault XP percentage of total XP
 D = Non-vault monster count
 E = Vault monster count
 F = Vault count percentage of total count
                 A         B        C        D         E       F
            +---------+---------+-------+---------+---------+-------
      Total |       0 |   31814 | 100.0 |       0 |      97 | 100.0
            +---------+---------+-------+---------+---------+-------
          D |       0 |   31814 | 100.0 |       0 |      97 | 100.0
            +---------+---------+-------+---------+---------+-------
